 Dungeon Crawl Stone Soup version 0.17-a0-1951-g62301d3 (webtiles) character file.

12705 4thArraOfDagon the Cleaver (level 11, -1/106 HPs)
             Began as a Naga Berserker on Oct 2, 2015.
             Was a High Priest of Trog.
             Slain by a yak (6 damage)
             ... in an ice cave.
             The game lasted 00:21:47 (3770 turns).

4thArraOfDagon the Cleaver (Naga Berserker)         Turns: 3770, Time: 00:21:47

Health: -1/106     AC: 26    Str: 24    XL:     11   Next: 97%
Magic:  14/14      EV:  5    Int:  7    God:    Trog [*****.]
Gold:   1369       SH:  0    Dex: 10    Spells: 0 memorised, 10 levels left

rFire  . . .     SeeInvis +     z - +3 war axe (chop)
rCold  + . .     Clarity  .     E - +10 plate armour {ponderous}
rNeg   . . .     SustAt   .     (no shield)
rPois  +         Gourm    .     i - +2 helmet
rElec  .         Spirit   .     G - +0 cloak
rCorr  .         Warding  .     (no gloves)
rMut   .         Stasis   .     (no barding)
MR     +++..                    (no amulet)
Stlth  ..........               A - ring of protection from cold
                                (no ring)

@: exhausted, regenerating, slowed, very slow, extremely resistant to hostile
enchantments, extremely unstealthy
A: see invisible, deformed body, poison resistance, slowness 2, slow metabolism
1, spit poison 2, AC +3
a: Spit Poison, Burn Spellbooks, Berserk, Trog's Hand, Brothers in Arms,
Renounce Religion


You were in an ice cave.
You worshipped Trog.
Trog was extremely pleased with you.
You were not hungry.

You visited 2 branches of the dungeon, and saw 15 of its levels.
You also visited: Ossuary and Ice Cave.

You collected 1369 gold pieces.

Inventory:

Hand weapons
 a - a +0 broad axe
 b - a +0 hand axe of venom
 l - a +0 blowgun
 u - a +1 hand axe of freezing
 z - a +3 war axe of chopping (weapon)
Missiles
 p - 7 poisoned needles
Armour
 i - a +2 helmet (worn)
 E - a +10 plate armour of ponderousness (worn)
 G - a +0 cloak (worn)
Magical staves
 r - an uncursed staff of summoning {unknown}
Jewellery
 o - an uncursed ring of teleportation
 A - a ring of protection from cold (right hand)
Magical devices
 e - a wand of slowing (7)
 f - a wand of digging (9)
 x - a wand of heal wounds (3)
 F - a wand of draining (2)
Scrolls
 h - 2 scrolls of recharging {unknown}
 n - a scroll of remove curse
 y - a scroll of magic mapping
Potions
 d - 2 potions of poison {unknown}
 g - a potion of might {unknown}
 j - a potion of lignification {unknown}
 k - 4 potions of heal wounds
 m - 4 potions of brilliance
 q - a potion of cancellation {unknown}
 v - 7 potions of curing {unknown}
Books
 t - a book of Envenomations

   Spells                             Type                      Level
   a - Spider Form                    Transmutation/Poison         3
   b - Alistair's Intoxication        Transmutation/Poison         4
   c - Olgreb's Toxic Radiance        Poison                       4
   d - Poisonous Cloud                Conjuration/Poison/Air       6
   Trog disapproves of the use of such an item.
 w - a book of Cantrips

   Spells                             Type                      Level
   a - Corona                         Hexes                        1
   b - Animate Skeleton               Necromancy                   1
   c - Summon Small Mammal            Summoning                    1
   d - Apportation                    Translocation                1
   Trog disapproves of the use of such an item.
 B - a book of Death

   Spells                             Type                      Level
   a - Corpse Rot                     Necromancy                   2
   b - Sublimation of Blood           Necromancy                   2
   c - Agony                          Necromancy                   5
   d - Dispel Undead                  Necromancy                   5
   e - Excruciating Wounds            Charms/Necromancy            5
   f - Bolt of Draining               Conjuration/Necromancy       5
   Trog disapproves of the use of such an item.
Miscellaneous
 C - a lantern of shadows
Comestibles
 c - 2 bread rations
 s - 2 meat rations
 D - 5 chunks of flesh


   Skills:
 - Level 9.2 Fighting
 * Level 13.0 Axes
 + Level 7.8 Armour
 - Level 1.5 Dodging
 - Level 5.1 Evocations


You had 10 spell levels left.
You didn't know any spells.

Dungeon Overview and Level Annotations

Branches:
Dungeon (11/15)              Lair (0/8) D:8             Orc (4/4) D:11
 Temple: D:4-7          Elf: Orc:3-4

Altars:
Ashenzari
Cheibriados
Fedhas
Trog
Beogh

Shops:
D:4 }

Annotations:
D:4 4thArraOfDagon's ghost, weakling NaBe


Innate Abilities, Weirdness & Mutations

You cannot wear boots.
Your serpentine skin is tough (AC +3).
You have supernaturally acute eyesight.
Armour fits poorly on your strangely shaped body.
Your system is resistant to poisons.
You cover ground very slowly.
You have a slow metabolism.
You can spit poison.


Message History

* * * LOW HITPOINT WARNING * * *
Unknown command.
Unknown command.
Unknown command.
Evoke which item? (* to show all) (? for menu, Esc to quit)
Zapping:
x - a wand of heal wounds (4)
Press: ? - help, Shift-Dir - straight line, f - you You feel much better.
This wand has 3 charges left.
The polar bear bites you!
* * * LOW HITPOINT WARNING * * *
The polar bear claws you.
* * * LOW HITPOINT WARNING * * *
The polar bear barely misses you. The yak gores you.
* * * LOW HITPOINT WARNING * * *
The polar bear bites you.
* * * LOW HITPOINT WARNING * * *
The polar bear claws you but does no damage.
The polar bear claws you.
* * * LOW HITPOINT WARNING * * *
The yak gores you but does no damage. The yak gores you.
You die...

.Y#...
..Y..
.h.. .h.
..# ##..#
##Y.#
#.Y##
#.h@##
##Y..##
##...#
##...#
#...##
##..÷##
##.....##
#...∩...#
#.......#


You could see a polar bear (berserk) and 3 yaks.

Vanquished Creatures
  Erolcha (Orc:3)
  The ghost of Uberwunderbarhen the Nimble, a powerful OpFi of Cheibriados (D:10)
  An orc knight (Orc:2)
  An orc sorcerer (Orc:3)
  A cyclops (Orc:3)
  Maurice (Orc:3)
  3 trolls
  The ghost of glosham the Skirmisher, an average DgSk (Ossuary)
  2 polar bears (IceCv)
  A komodo dragon (D:8)
  The ghost of 4thArraOfDagon the Sneak, an average OpAs (D:8)
  A deep elf mage (D:10)
  2 wargs
  2 hippogriffs (D:11)
  3 wolves (IceCv)
  A black bear (D:6)
  A wasp (D:11)
  14 orc warriors
  A necrophage (D:11)
  An ice beast (D:7)
  A phantom (D:10)
  7 ogres
  6 centaurs
  3 giant frogs
  A big kobold (D:10)
  3 wights (D:8)
  8 killer bees
  2 scorpions
  3 crimson imps
  2 hounds
  A giant frog zombie (D:10)
  12 orc priests
  10 orc wizards
  2 human zombies (D:8)
  An iguana (D:7)
  A giant frog skeleton (D:5)
  3 worker ants
  A killer bee zombie (D:8)
  2 hound skeletons
  8 mummies (Ossuary)
  Robin (D:3)
  3 adders
  2 shadow imps
  2 worms
  2 giant geckos
  140 orcs
  A ball python (D:4)
  A bat (D:3)
  A giant cockroach (D:6)
  2 hobgoblins (D:3)
  4 giant newts
  11 goblins (D:3)
  A jackal skeleton (D:7)
  A jackal zombie (D:8)
  7 kobolds
  5 kobold zombies (Ossuary)
  3 orc zombies (Ossuary)
  2 quokkas
  A quokka skeleton (D:6)
307 creatures vanquished.

Vanquished Creatures (collateral kills)
  Rupert (Orc:3)
  Maud (Orc:3)
  An orc priest (Orc:3)
  4 orcs (Orc:3)
7 creatures vanquished.

Vanquished Creatures (others)
  An orc (Orc:3)
  2 plants (D:8)
3 creatures vanquished.

Grand Total: 317 creatures vanquished

Notes
Turn   | Place    | Note
--------------------------------------------------------------
     0 | D:1      | 4thArraOfDagon the Naga Berserker began the quest for the Orb.
     0 | D:1      | Reached XP level 1. HP: 21/21 MP: 1/1
   140 | D:3      | Reached XP level 2. HP: 13/28 MP: 2/2
   175 | D:3      | Noticed Robin
   185 | D:3      | Reached XP level 3. HP: 9/34 MP: 3/3
   190 | D:3      | Killed Robin
   252 | D:3      | Reached skill level 4 in Axes
   283 | D:3      | Acquired Trog's second power
   325 | D:3      | Reached XP level 4. HP: 22/42 MP: 4/4
   352 | D:4      | Found Fecav's Gadget Shop.
   464 | D:4      | Noticed 4thArraOfDagon's ghost (weakling NaBe)
   602 | D:4      | Noticed a centaur
   611 | D:4      | Killed a centaur
   611 | D:4      | Reached XP level 5. HP: 38/50 MP: 5/5
   644 | D:5      | Entered Level 5 of the Dungeon
   647 | D:5      | Reached skill level 5 in Axes
   787 | D:6      | Noticed an ogre
   788 | D:6      | Noticed an orc warrior
   789 | D:6      | Noticed a black bear
   793 | D:6      | Reached XP level 6. HP: 49/57 MP: 6/6
   793 | D:6      | Killed an ogre
   799 | D:6      | Killed an orc warrior
   799 | D:6      | Reached skill level 6 in Axes
   799 | D:6      | Reached XP level 7. HP: 47/66 MP: 7/7
   800 | D:6      | Killed a black bear
   812 | D:6      | Noticed an ogre
   951 | D:7      | Reached skill level 7 in Axes
   953 | D:7      | Reached skill level 5 in Fighting
   953 | D:7      | Reached XP level 8. HP: 74/74 MP: 8/8
  1014 | D:7      | Found a shattered altar of Ashenzari.
  1017 | D:7      | Found a bloodstained altar of Trog.
  1020 | D:7      | Found a blossoming altar of Fedhas.
  1133 | D:8      | Noticed 4thArraOfDagon's ghost (average OpAs)
  1138 | D:8      | Reached skill level 8 in Axes
  1143 | D:8      | Killed 4thArraOfDagon's ghost
  1203 | D:8      | Reached XP level 9. HP: 62/82 MP: 9/9
  1218 | D:8      | Found a snail-covered altar of Cheibriados.
  1230 | D:8      | Reached skill level 5 in Armour
  1275 | D:8      | Reached skill level 9 in Axes
  1323 | D:8      | Found a staircase to the Lair.
  1324 | D:8      | Noticed a komodo dragon
  1353 | D:8      | Killed a komodo dragon
  1504 | D:8      | Found a sand-covered staircase.
  1521 | Ossuary  | Entered an ossuary
  1569 | Ossuary  | Noticed glosham's ghost (average DgSk)
  1592 | Ossuary  | Killed glosham's ghost
  1890 | D:9      | Reached skill level 10 in Axes
  1902 | D:10     | Entered Level 10 of the Dungeon
  1996 | D:10     | Noticed Uberwunderbarhen's ghost (powerful OpFi)
  2020 | D:10     | Killed Uberwunderbarhen's ghost
  2020 | D:10     | Reached XP level 10. HP: 94/94 MP: 10/10
  2186 | D:11     | Reached skill level 1 in Evocations
  2241 | D:11     | Reached skill level 11 in Axes
  2443 | D:11     | Acquired Trog's third power
  2452 | D:11     | Found a staircase to the Orcish Mines.
  2516 | Orc:1    | Entered Level 1 of the Orcish Mines
  2684 | Orc:2    | Received a gift from Trog
  2784 | Orc:1    | Reached XP level 11. HP: 38/103 MP: 13/13
  3098 | Orc:3    | Noticed an orc knight
  3102 | Orc:3    | Noticed Maud
  3105 | Orc:3    | Reached skill level 12 in Axes
  3120 | Orc:2    | Killed an orc knight
  3187 | Orc:3    | Found a roughly hewn altar of Beogh.
  3294 | Orc:3    | Killed Maud
  3429 | Orc:3    | Noticed Erolcha
  3442 | Orc:3    | Killed Erolcha
  3463 | Orc:3    | Noticed Maurice
  3464 | Orc:3    | Noticed Rupert
  3471 | Orc:3    | Killed Rupert
  3471 | Orc:3    | Reached skill level 5 in Evocations
  3476 | Orc:3    | Killed Maurice
  3684 | Orc:4    | Entered Level 4 of the Orcish Mines
  3699 | Orc:4    | Found a frozen archway.
  3729 | IceCv    | Entered an ice cave
  3736 | IceCv    | Reached skill level 13 in Axes
  3769 | IceCv    | HP: 5/106 [yak (8)]
  3770 | IceCv    | Slain by a yak

Vault maps used:
D:1:      dpeg_arrival_line_fractal, corexii_item_surrounded_by_moat,
          serial_bayou_pond_e
D:2:      amethyst_overflow_temple_binary, uniq_terence
D:3:      kennysheep_generic_room_8, uniq_robin
D:4:      serial_shops, nicolae_shop_temple_entry_statues_fountains
D:5:      minmay_temple_entry_junction2, serial_shops, shop, first_bread
D:6:      kennysheep_generic_room_7
D:7:      grunt_temple_overflow_cloverleaf
D:8:      slow_altar_1, david_lair_shrubbed, enter_ossuary_3
D:9:      serial_glass, glass_columns_a, glass_columns_a, glass_columns_b,
          item_on_display_a, due_unseen_surprise, feat_on_display,
          minmay_strange_pillars
D:10:     serial_shops, nicolae_shop_trees, uniq_psyche
D:11:     hiddenorc2_lemuel
Orc:3:    basic_altar, nicolae_orc_pool_cavern, uniq_maud, uniq_erolcha,
          uniq_harold, uniq_nergalle, uniq_rupert, uniq_maurice
Orc:4:    st_orc_open, portal_ice_cave_entry_pillars_02
Ossuary:  ossuary_tomb_3
IceCv:    ice_cave_small_giant

Action                   |  1- 3 |  4- 6 |  7- 9 | 10-12 || total
-------------------------+-------+-------+-------+-------++-------
Melee: Hand axe          |    47 |    46 |   266 |   307 ||   666
       War axe           |       |       |       |   117 ||   117
Invok: Berserk           |     3 |     2 |    10 |    13 ||    28
       Trog's Hand       |     2 |     3 |     5 |    15 ||    25
       Brothers in Arms  |       |       |       |     2 ||     2
 Abil: Spit Poison       |     8 |     5 |     8 |     4 ||    25
Evoke: Wand              |       |       |     1 |     1 ||     2
  Use: Potion            |     1 |       |       |       ||     1
       Scroll            |       |     4 |     4 |     2 ||    10
  Eat: Chunk             |     2 |     3 |     8 |    22 ||    35
       Fruit             |       |       |     4 |       ||     4
       Beef jerky        |       |       |     2 |     1 ||     3
